Map: Ruins of Seras

Players

uThermal

  • Race: Terran Terran
  • League: Grandmaster

ShoWTimE - Winner!

  • Race: Protoss Protoss
  • League: Master

Event: DreamHack ZOWIE Open Leipzig

VOD

Have the link to the VOD?

Description

Time

  • Played on: Jan. 23, 2016, 10:59 a.m.
  • Length: 12:40

All games in this series

Show
View Real Time Build Order
Export as new Build Order

uThermal Terran 

Build Orders: Bio Tank 

Get SALT Encoding   

  12  0:01  SCV  
  13  0:13  SCV  
  14  0:18  Supply Depot  
  14  0:25  SCV  
  15  0:39  SCV  
  15  0:41  Barracks  
  16  0:46  Refinery  
  16  0:52  SCV  
  17  1:04  SCV  
  18  1:16  SCV  
  19  1:28  Orbital Command  
  19  1:30  Barracks Reactor  
  19  1:44  Command Center  
  19  1:51  Supply Depot  
  19  1:55  SCV  
  20  2:06  Marine x2  
  20  2:07  SCV  
  23  2:15  Factory  
  23  2:20  SCV  
  24  2:24  Marine  
  24  2:25  Marine  
  26  2:30  Refinery  
  26  2:32  SCV  
  27  2:44  SCV  
  27  2:45  Marine  
  27  2:46  Marine  
  29  2:56  SCV, Orbital Command  
  30  3:00  Starport  
  30  3:03  Factory Tech Lab  
  30  3:08  SCV  
  30  3:10  Marine  
  30  3:11  Marine  
  33  3:20  SCV  
  33  3:21  Cyclone  
  33  3:24  SCV  
  38  3:31  Marine  
  38  3:32  SCV, Marine  
  41  3:36  Supply Depot  
  41  3:40  SCV  
  42  3:44  SCV  
  43  3:49  Marine  
  43  3:50  Marine  
  43  3:54  SCV  
  46  3:58  Siege Tank  
  48  4:03  SCV  
  48  4:04  Supply Depot  
  48  4:09  Liberator  
  49  4:11  SCV  
  49  4:15  SCV  
  49  4:16  Command Center  
  51  4:23  SCV  
  52  4:27  SCV  
  56  4:32  Supply Depot, Marine x2  
  56  4:37  SCV  
  59  4:39  SCV  
  59  4:41  Engineering Bay  
  55  4:49  Marine  
  55  4:50  SCV, Marine  
  55  4:51  SCV  
  57  5:02  SCV  
  58  5:07  Marine  
  58  5:08  SCV, Missile Turret  
  58  5:10  Missile Turret  
  60  5:15  SCV  
  60  5:16  Marine  
  62  5:28  SCV, Siege Tank, Barracks x2, Marine  
  67  5:33  SCV  
  67  5:34  Supply Depot, Marine  
  69  5:40  SCV  
  70  5:45  Marine  
  71  5:52  Marine  
  72  6:01  Siege Tank  
  72  6:03  Starport Reactor, Marine  
  76  6:06  Barracks  
  76  6:07  Barracks  
  76  6:09  Orbital Command  
  76  6:10  Supply Depot, SCV x2, Marine  
  76  6:16  Barracks Tech Lab x2  
  76  6:17  Terran Infantry Weapons Level 1  
  73  6:22  SCV  
  73  6:23  SCV, Marine  
  76  6:32  Bunker  
  76  6:35  SCV x2, Stimpack, Combat Shields  
  76  6:37  SCV, Marine  
  76  6:38  Marine x2  
  82  6:44  Supply Depot  
  82  6:46  Siege Tank  
  85  6:50  Bunker  
  85  6:56  Supply Depot, Barracks Reactor  
  85  6:57  Barracks Reactor, SCV  
  85  6:58  SCV  
  86  7:02  SCV  
  86  7:04  Refinery  
  86  7:05  Refinery, Marine x2  
  86  7:08  Marine x2  
  91  7:09  SCV  
  91  7:10  SCV  
  91  7:11  Supply Depot  
  91  7:14  SCV  
  94  7:19  Medivac  
  94  7:22  SCV  
  97  7:23  Marine x2  
  97  7:26  Marine x2  
  97  7:29  Supply Depot  
  101  7:31  Supply Depot  
  101  7:33  Marine x3  
  101  7:34  Marine  
  101  7:35  Siege Tank  
  108  7:40  SCV  
  108  7:41  Marine x2  
  110  7:46  Supply Depot  
  110  7:47  Supply Depot  
  110  7:50  Supply Depot x2  
  110  7:51  Marine x2  
  110  7:53  Supply Depot, Marine x3  
  110  7:54  Marine  
  115  7:59  Marine  
  115  8:00  SCV x2, Marine  
  119  8:07  SCV  
  119  8:09  Marine x2  
  119  8:11  Terran Infantry Armor Level 1  
  122  8:12  Marine  
  122  8:13  Marine x2  
  122  8:14  Siege Tank  
  122  8:16  SCV x2  
  130  8:21  Medivac x2  
  130  8:24  Marine  
  135  8:27  SCV, Marine x2  
  135  8:29  Marine  
  135  8:30  Marine x2  
  140  8:34  Supply Depot, Marine  
  140  8:35  Supply Depot  
  140  8:37  Marine  
  132  8:42  Marine  
  132  8:45  Marine x2  
  132  8:47  Marine x2  
  126  8:49  Marine  
  126  8:55  Medivac  
  124  8:56  Medivac  
  124  8:57  Marine x2  
  124  9:00  Marine  
  124  9:01  Barracks  
  124  9:02  Barracks  
  129  9:03  Siege Tank, Marine x2  
  129  9:05  Barracks, Marine x2  
  136  9:11  Supply Depot  
  136  9:16  Marine x3  
  139  9:18  Marine  
  139  9:21  Marine  
  139  9:22  Armory, Marine  
  139  9:24  Marine x2  
  141  9:25  Medivac  
  141  9:26  Medivac  
  144  9:34  Marine x3  
  144  9:36  Marine  
  148  9:38  Marine  
  148  9:40  Siege Tank, Marine  
  148  9:42  Marine x2  
  155  9:49  Marine  
  155  9:51  Marine x2  
  155  9:52  Marine x3  
  161  9:53  Marine  
  161  9:56  Marine  
  161  9:58  Marine  
  161  9:59  Marine  
  163  10:00  Marine  
  165  10:07  Marine  
  165  10:09  Marine x3  
  165  10:10  Marine x2  
  165  10:11  Marine  
  172  10:14  Marine  
  172  10:15  Marine  
  172  10:17  Marine  
  172  10:18  Siege Tank  
  178  10:25  Marine  
  178  10:27  Marine  
  180  10:37  Command Center, Missile Turret  
  180  10:39  Marine  
  180  10:41  Marine  
  181  10:47  Marine  
  181  10:48  Marine  
  181  10:49  Marine x2  
  185  10:50  Siege Tank, Marine  
  185  10:53  Marine  
  185  10:54  Marine  
  191  11:00  Marine  
  191  11:03  Marine  
  193  11:05  Marine  
  165  11:22  Siege Tank  
  165  11:24  Marine x4  
  165  11:25  Marine x3  
  138  11:26  Marine x4  
  138  11:31  Medivac  
  138  11:32  Medivac  
  104  11:42  Marine x6  
  104  11:43  Marine  
  104  11:44  Marine x4  
  112  11:54  Siege Tank  
  112  12:00  Marine x6  
  112  12:01  Medivac, Marine  
  121  12:02  Medivac, Marine x2  
  121  12:03  Marine  
  121  12:05  Marine  
  129  12:18  Marine x7  
Show
View Real Time Build Order
Export as new Build Order

ShoWTimE Protoss - Winner!

Build Orders: 1 Gate Expand, Oracle Opening 

Get SALT Encoding   

  12  0:00  Probe (Chrono Boost)  
  13  0:11  Probe (Chrono Boost)  
  14  0:18  Pylon  
  14  0:22  Probe (Chrono Boost)  
  15  0:36  Probe (Chrono Boost)  
  15  0:37  Gateway  
  16  0:45  Assimilator  
  16  0:47  Probe (Chrono Boost)  
  17  0:57  Probe (Chrono Boost)  
  18  1:08  Probe (Chrono Boost)  
  19  1:23  Nexus  
  19  1:34  Cybernetics Core  
  19  1:36  Probe (Chrono Boost)  
  20  1:41  Assimilator  
  21  1:47  Probe (Chrono Boost)  
  21  1:54  Pylon  
  21  1:57  Probe (Chrono Boost)  
  22  2:08  Probe (Chrono Boost)  
  23  2:10  Warp Gate  
  23  2:12  Adept  
  25  2:19  Probe (Chrono Boost)  
  26  2:29  Mothership Core (Chrono Boost)  
  29  2:37  Twilight Council, Probe (Chrono Boost)  
  29  2:48  Probe x2 (Chrono Boost)  
  29  2:49  Stargate  
  31  2:56  Adept  
  31  2:58  Probe x2 (Chrono Boost)  
  35  3:09  Probe x2 (Chrono Boost), Pylon  
  37  3:19  Probe x2 (Chrono Boost)  
  39  3:23  Adept  
  41  3:29  Probe (Chrono Boost)  
  41  3:30  Probe (Chrono Boost)  
  41  3:32  Oracle (Chrono Boost)  
  46  3:38  Probe  
  47  3:41  Probe  
  47  3:42  Pylon  
  48  3:49  Probe  
  48  3:50  Adept  
  48  3:53  Probe  
  52  3:59  Probe  
  53  4:06  Probe  
  53  4:09  Nexus  
  54  4:10  Pylon  
  54  4:13  Phoenix (Chrono Boost)  
  54  4:14  Probe  
  57  4:18  Probe  
  58  4:24  Probe  
  58  4:26  Pylon  
  58  4:28  Adept  
  61  4:32  Probe  
  61  4:35  Probe  
  61  4:37  Phoenix (Chrono Boost)  
  65  4:44  Probe  
  66  4:45  Probe  
  66  4:51  Gateway  
  67  4:53  Twilight Council  
  67  4:56  Gateway, Probe x2  
  67  4:58  Forge  
  69  5:02  Assimilator  
  69  5:07  Probe (Chrono Boost)  
  69  5:08  Probe (Chrono Boost), Assimilator  
  69  5:11  Adept  
  73  5:19  Probe (Chrono Boost)  
  73  5:20  Probe (Chrono Boost)  
  73  5:21  Resonating Glaives, Pylon  
  75  5:24  Probe (Chrono Boost)  
  75  5:27  Pylon  
  76  5:28  Probe (Chrono Boost)  
  76  5:29  Phoenix  
  76  5:30  Probe (Chrono Boost)  
  76  5:31  Protoss Ground Weapons Level 1 (Chrono Boost)  
  80  5:36  Probe  
  80  5:38  Probe  
  80  5:41  Probe  
  83  5:48  Probe  
  84  5:51  Probe, Adept x2  
  84  5:54  Phoenix  
  84  5:56  Gateway x2, Probe  
  91  6:05  Probe  
  92  6:16  Robotics Facility  
  92  6:17  Pylon  
  92  6:19  Probe x2, Phoenix  
  92  6:22  Adept  
  92  6:23  Adept  
  100  6:34  Gateway  
  100  6:35  Gateway  
  100  6:37  Gateway  
  100  6:40  Pylon  
  100  6:41  Assimilator  
  100  6:43  Assimilator  
  100  6:44  Phoenix  
  102  6:47  Probe  
  102  6:48  Adept x2  
  102  6:51  Pylon, Blink  
  107  7:04  Pylon, Warp Prism (Chrono Boost)  
  107  7:07  Adept x2  
  113  7:09  Phoenix  
  113  7:12  Protoss Ground Weapons Level 2  
  115  7:18  Adept x3  
  115  7:21  Pylon  
  121  7:34  Adept, Phoenix  
  121  7:35  Adept  
  127  7:39  Observer (Chrono Boost)  
  127  7:41  Nexus  
  128  7:45  Pylon  
  128  7:47  Pylon  
  128  7:59  Pylon, Phoenix  
  130  8:08  Adept  
  130  8:09  Adept x3  
  130  8:12  Immortal (Chrono Boost)  
  142  8:19  Pylon  
  142  8:41  Adept x4  
  142  8:46  Immortal (Chrono Boost)  
  152  8:51  Stalker x3  
  152  8:52  Stalker  
  140  9:00  Assimilator  
  140  9:04  Assimilator  
  140  9:06  Templar Archives  
  140  9:10  Sentry x4, Photon Cannon  
  148  9:17  Protoss Ground Weapons Level 3  
  148  9:19  Immortal (Chrono Boost)  
  150  9:32  Psionic Storm  
  150  9:33  Stalker  
  150  9:34  Stalker x6  
  150  9:35  Stalker  
  166  9:38  Pylon  
  166  9:49  Warp Prism  
  166  9:53  Photon Cannon  
  166  9:58  High Templar x2  
  172  10:00  Gateway  
  172  10:01  Gateway  
  172  10:08  High Templar  
  174  10:21  High Templar x2  
  178  10:27  Gateway  
  178  10:28  Gateway  
  178  10:32  Adept x5  
  186  10:38  Pylon, Charge (Chrono Boost)  
  184  10:53  Adept x4  
  184  10:56  Dark Shrine  
  192  10:57  Fleet Beacon  
  192  11:04  Adept x4  
  200  11:15  Probe  
  179  11:25  Stalker x5  
  169  11:26  Stalker x4  
  157  11:36  Probe  
  154  11:53  Stalker, High Templar x4  
  154  11:54  Stalker x2  
  168  11:57  Nexus  
  168  11:58  Archon  
  168  11:59  Archon  
  164  12:04  Zealot x2  
  164  12:05  Zealot  
  170  12:12  Pylon  
  170  12:19  Dark Templar  
  170  12:20  Dark Templar x2, Zealot x2  
  180  12:26  Dark Templar  
  158  12:35  Zealot  
  158  12:36  Zealot x3  

Tags
 
Add a new tag
Caveats
  • Supply blocks, unpowered buildings, or Contaminate may cause inaccurate times.
  • Supply counts are checked every 10 seconds.